 Dungeon Crawl Stone Soup version 0.30.1-11-g7821555f0a (webtiles) character file.

Game seed: 10100015916323504749

46839 RancidPinata the Warrior (level 14, -2/100 HPs)
             Began as a Gargoyle Gladiator on Dec 13, 2023.
             Was a High Priest of Okawaru.
             Slain by Rupert
             ... wielding a +1 great mace of pain
              (7 damage)
             ... on level 4 of the Lair of Beasts.
             The game lasted 02:06:05 (22203 turns).

RancidPinata the Warrior (Gargoyle Gladiator)      Turns: 22203, Time: 02:06:06

Health: -2/100     AC: 25    Str: 26    XL:     14   Next: 39%
Magic:  13/14      EV: 14    Int: 10    God:    Okawaru [*****.]
Gold:   2496       SH:  0    Dex: 18    Spells: 13/13 levels left

rFire   . . .        V - +3 flail of Mauling Evisceration {vamp, rN++}
rCold   . . .        (no shield)
rNeg    + + +        O - +1 leather armour "Othyfee" {Dex+3}
rPois   ∞            c - +1 helmet
rElec   +            q - +2 cloak
rCorr   .            p - +0 pair of gloves
SInv    +            F - +0 pair of boots
Will    +....        (no amulet)
Stlth   +            b - +6 ring of strength
HPRegen 0.36/turn    Q - ring of see invisible
MPRegen 0.14/turn

%: clarity
@: flying, hasted, very quick
A: sickness immunity, AC +10, big wings, negative energy resistance 1,
electricity resistance, torment resistance 1, petrification resistance, agile 1,
clarity
a: Renounce Religion, Heroism, Finesse, Duel


You were on level 4 of the Lair of Beasts.
You worshipped Okawaru.
Okawaru was extremely pleased with you.
You visited 4 branches of the dungeon, and saw 18 of its levels.
You also visited: Bailey.

You collected 3054 gold pieces.
You spent 558 gold pieces at shops.

Inventory:

Hand Weapons
 g - a +2 heavy flail
 z - the +1 flail "Siuxo" {antimagic, Fly rElec Int+2}
   (You bought it in a shop on level 5 of the Dungeon)

   Int:       It affects your intelligence (+2).
   rElec:     It insulates you from electricity.
   Fly:       It grants you flight.
 V - the +3 flail of Mauling Evisceration (weapon) {vamp, rN++}
   (You bought it in a shop on level 5 of the Dungeon)

   rN:        It greatly protects you from negative energy.
Missiles
 e - a javelin
 i - 6 boomerangs of dispersal
 m - 143 stones
 n - 18 boomerangs (quivered)
 o - 16 curare-tipped darts
 B - a datura-tipped dart
 G - 37 poisoned darts
 L - 8 silver boomerangs
 N - 3 atropa-tipped darts
Armour
 c - a +1 helmet (worn)
 p - a +0 pair of gloves (worn)
 q - a +2 cloak (worn)
 D - +1 acid dragon scales
 F - a +0 pair of boots (worn)
 O - the +1 leather armour "Othyfee" (worn) {Dex+3}
   (You found it on level 5 of the Dungeon)

   Dex:       It affects your dexterity (+3).
 X - a +0 troll leather armour
Jewellery
 b - a +6 ring of strength (left hand)
 K - a ring of magical power
 Q - a ring of see invisible (right hand)
 W - a ring of wizardry
 Y - an amulet of magic regeneration
Wands
 w - a wand of flame (9)
 J - a wand of polymorph (14)
 M - a wand of paralysis (19)
 Z - a wand of roots (6)
Scrolls
 a - 5 scrolls of fear
 j - 2 scrolls of silence
 r - 3 scrolls of poison
 v - 3 scrolls of amnesia
 x - 5 scrolls of teleportation
 y - 3 scrolls of blinking
 C - a scroll of identify
 E - 7 scrolls of enchant weapon
 H - 3 scrolls of immolation
 U - 2 scrolls of fog
Potions
 f - 3 potions of mutation
 h - a potion of flight
 k - 4 potions of brilliance
 l - a potion of ambrosia
 s - 4 potions of curing
 t - a potion of cancellation
 u - a potion of magic
 A - 2 potions of might
 I - 4 potions of heal wounds
 P - a potion of berserk rage
 S - 4 potions of lignification
Miscellaneous
 d - a phial of floods


   Skills:
 * Level 16.5 Fighting
 * Level 12.6 Maces & Flails
 + Level 9.5 Throwing
 + Level 11.8 Armour
 + Level 4.3 Dodging


You had 13 spell levels left.
You didn't know any spells.
Your spell library contained the following spells:

 Spells                   Type           Power      Damage    Failure   Level
 Freeze                   Ice            0%         1d3       38%         1
 Magic Dart               Conj           0%         1d3       38%         1
 Scorch                   Fire           0%         2d5       54%         2
 Frozen Ramparts          Ice            0%         1d1       77%         3
 Hailstorm                Conj/Ice       0%         3d3       77%         3
 Mephitic Cloud           Conj/Pois/Air  0%         N/A       77%         3
 Flame Wave               Conj/Fire      0%         2d4       99%         4
 Passage of Golubria      Tloc           0%         N/A       99%         4
 Petrify                  Tmut/Erth      0%         N/A       99%         4
 Irradiate                Conj/Tmut      0%         3d11      100%        5
 Silence                  Hex/Air        0%         N/A       100%        5
 Lehudib's Crystal Spear  Conj/Erth      0%         10d2      100%        8
 Call Imp                 Summ           Unusable   N/A       N/A         2
 Sublimation of Blood     Necr           Unusable   N/A       N/A         2
 Summon Cactus Giant      Summ           Unusable   N/A       N/A         6

Dungeon Overview and Level Annotations

Branches:
Dungeon (11/15)            Temple (1/1) D:7            Lair (5/5) D:8
  Slime (0/5) Lair:4          Orc (1/2) D:9          Bailey (visited)
  Swamp: Lair:2-3    Shoals: Lair:2-3     Snake: Lair:2-3    Spider: Lair:2-3

Altars:
Ashenzari
Cheibriados
Dithmenos
Elyvilon
Fedhas
Gozag
Hepliaklqana
Kikubaaqudgha
Makhleb
Nemelex Xobeh
Okawaru
Qazlal
Ru
Sif Muna
Trog
Uskayaw
Vehumet
Wu Jian
Xom
Yredelemnul
Zin
The Shining One
Jiyva

Shops:
D:5 (   D:6 (   D:8 :

Annotations:
Lair:4 Rupert


Innate Abilities, Weirdness & Mutations

You are immune to sickness and miasma.
Your stone body is resilient. (AC +10)
You are immune to poison.
Your large and strong wings let you fly.
You resist negative energy. (rN+)
You are resistant to electric shocks. (rElec)
You are resistant to unholy torment.
You are immune to petrification.
You are agile. (Dex +4, Str/Int -1)
You possess an exceptional clarity of mind.


Message History

The cane toad is severely wounded.
The cane toad stings you but does no damage.
Press: ? - help, v - describe, . - travel The floor, spattered with blood.
You sock the cane toad!
You kill the cane toad!
Okawaru accepts your kill.
You gain the combat prowess of a mighty hero.
Rupert roars madly and goes into a rage!
Rupert goes berserk!
You fail to use your ability.
You barely miss Rupert.
Rupert hits you with a +1 great mace of pain!!
You bludgeon Rupert!!
Rupert is lightly wounded.
Rupert barely misses you.
You sock Rupert!
You feel better.
Rupert is moderately wounded.
Rupert misses you.
You sock Rupert!
You feel better.
Rupert is moderately wounded.
Rupert closely misses you.
You hit Rupert but do no damage.
Rupert is moderately wounded.
Rupert hits you with a +1 great mace of pain!!
You feel better.
Rupert hits you with a +1 great mace of pain!!!
* * * LOW HITPOINT WARNING * * *
Rupert hits you with a +1 great mace of pain.
* * * LOW HITPOINT WARNING * * *
Blink to where?
Press: ? - help, Dir - move target
As you read the scroll of blinking, it crumbles to dust.
You feel yourself speed up.
You feel like a meek peon again.
Rupert hits you with a +1 great mace of pain!
* * * LOW HITPOINT WARNING * * *
Rupert attacks as you move away!
Rupert hits you with a +1 great mace of pain!
You die...

### ############.#
#.##......#..##
#..[†..........
####.########..#..
#.#P..## ###.#.
#####.P...# ## ###h
#P##..P...##.# #.
#..@@........# #.
#..##.....#.#.# # #.
#.#.#.......## #.###.
#..##........##...##.
#.##..####.......P##.
#.##...#.##..........
#..#.................
##
#.##..#.........###P.
#.###..##.#.........#
###


You could see Rupert (berserk).

Vanquished Creatures
  An orc warlord (Bailey)
  Snorg (Orc:1)
  Fannar (Lair:1)
  3 hydras
  2 boulder beetles
  2 two-headed ogres (D:10)
  Nergalle (Lair:1)
  A skyshark (Lair:3)
  An orc knight (Bailey)
  2 manticores
  3 cyclopes
  3 black mambas (Lair:4)
  A torpor snail (Lair:2)
  The ghost of JumbleTraveling the Cudgeller, a novice GnCK of Xom (D:4)
  7 cane toads
  Maggie (D:6)
  2 gargoyles (D:11)
  Psyche (D:10)
  2 unseen horrors
  A rime drake (Lair:1)
  8 komodo dragons
  5 trolls
  2 polar bears
  15 blink frogs
  Prince Ribbit (Lair:2)
  Sigmund (D:2)
  A shadow (D:10)
  51 yaks
  A wyvern (Lair:1)
  The ghost of mangeymoose the Chopper, an amateur MiFi of Yredelemnul (D:4)
  3 basilisks
  Grum (D:10)
  3 steam dragons
  6 vampire mosquitoes (D:11)
  3 acid dragons
  Edmund (D:6)
  The ghost of Azazsd the Chopper, an amateur VSBe of Trog (D:4)
  7 water moccasins
  2 ice beasts (D:6)
  14 orc warriors
  A sky beast (D:7)
  6 black bears
  3 ogres
  5 wolves
  6 centaurs
  4 phantoms
  5 kobold brigands (D:9)
  12 bullfrogs
  5 gnoll sergeants (D:9)
  6 scorpions
  4 wights (D:7)
  3 killer bees (D:8)
  5 howler monkeys
  An electric eel (Lair:2)
  3 jellies
  5 hounds
  Crazy Yiuf (D:2)
  11 orc priests
  3 sleepcaps (D:6)
  3 iguanas
  2 hell rats (Lair:1)
  19 orc wizards
  15 gnolls
  11 adders
  7 river rats (Lair:1)
  A shadow imp (D:6)
  2 white imps (D:7)
  2 ufetubi (D:5)
  2 worms
  6 dart slugs
  44 orcs
  8 bats
  9 endoplasms
  6 giant cockroaches
  11 goblins
  10 hobgoblins
  4 jackals
  2 quokkas
  8 ball pythons
  2 frilled lizards (D:3)
  21 kobolds
  5 rats
453 creatures vanquished.

Vanquished Creatures (others)
  An orc (Orc:1)
1 creature vanquished.

Grand Total: 454 creatures vanquished

Notes
Turn   | Place    | Note
-------+----------+-------------------------------------------
     0 | D:1      | RancidPinata the Gargoyle Gladiator began the quest for the
                  | Orb.
     0 | D:1      | Reached XP level 1. HP: 12/12 MP: 1/1
   180 | D:1      | Reached XP level 2. HP: 14/18 MP: 2/2
   408 | D:1      | Reached skill level 1 in Armour
   453 | D:1      | Reached XP level 3. HP: 22/22 MP: 3/3
   612 | D:2      | Reached skill level 3 in Fighting
   705 | D:2      | Noticed Sigmund
   932 | D:1      | Reached XP level 4. HP: 21/28 MP: 4/4
  1311 | D:2      | Killed Sigmund
  1312 | D:2      | Reached skill level 4 in Fighting
  1312 | D:2      | Reached XP level 5. HP: 31/34 MP: 5/5
  1312 | D:2      | Reached XP level 6. HP: 35/39 MP: 6/6
  1955 | D:2      | Found a runed translucent door.
  1956 | D:2      | Noticed Crazy Yiuf
  1963 | D:2      | Killed Crazy Yiuf
  2096 | D:4      | Reached skill level 5 in Fighting
  2178 | D:4      | Found an ancient bone altar of Kikubaaqudgha.
  2346 | D:3      | Reached XP level 7. HP: 4/44 MP: 7/7
  2607 | D:4      | Found a runed translucent gate.
  2610 | D:4      | Found a runed translucent gate.
  2617 | D:4      | Found a runed translucent gate.
  2622 | D:4      | Noticed Azazsd's ghost (amateur VSBe)
  2622 | D:4      | Noticed JumbleTraveling's ghost (novice GnCK)
  2622 | D:4      | Noticed mangeymoose's ghost (amateur MiFi)
  2802 | D:4      | Identified the +4 spear "Repner" {antimagic, *Rage Will+
                  | Str+5 Int+3}
  3120 | D:3      | Reached skill level 6 in Fighting
  3237 | D:3      | Found a glowing silver altar of Zin.
  3238 | D:3      | Noticed an angel
  3869 | D:4      | Reached XP level 8. HP: 52/52 MP: 8/8
  3990 | D:4      | Found a bloodstained altar of Trog.
  4109 | D:5      | Entered Level 5 of the Dungeon
  4117 | D:5      | Reached skill level 5 in Maces & Flails
  4145 | D:5      | Reached skill level 7 in Fighting
  4237 | D:5      | Found a hide-covered altar of Uskayaw.
  4291 | D:5      | Identified the +1 pair of gloves "Vekketh" {Harm Will+
                  | Int+3}
  4332 | D:5      | Found Guridysu's Antique Weapon Boutique.
  4346 | D:5      | Bought a pitted flail for 246 gold pieces
  4346 | D:5      | Identified the +1 flail "Siuxo" {antimagic, Fly rElec
                  | Int+2} (You bought it in a shop on level 5 of the Dungeon)
  4550 | D:5      | Identified the +1 leather armour "Othyfee" {Dex+3}
  4854 | D:6      | Noticed Edmund
  4860 | D:6      | Killed Edmund
  4861 | D:6      | Reached skill level 5 in Armour
  4960 | D:6      | Reached skill level 8 in Fighting
  4960 | D:6      | Reached XP level 9. HP: 49/59 MP: 3/9
  5164 | D:6      | Found Bugatain's Weapon Shop.
  5221 | D:6      | Reached skill level 5 in Throwing
  5388 | D:6      | Found a sparkling altar of Nemelex Xobeh.
  6087 | D:7      | Noticed Maggie
  6087 | D:7      | Found a staircase to the Ecumenical Temple.
  6277 | D:6      | Killed Maggie
  6278 | D:6      | Reached skill level 9 in Fighting
  6462 | Temple   | Entered the Ecumenical Temple
  6701 | Temple   | Became a worshipper of Warmaster Okawaru
  7044 | D:7      | Found a burning altar of Makhleb.
  7226 | D:7      | Reached XP level 10. HP: 68/68 MP: 3/10
  7265 | D:7      | Reached * piety under Okawaru
  7459 | D:5      | Bought an ichor-stained flail for 246 gold pieces
  7459 | D:5      | Identified the +3 flail of Mauling Evisceration {vamp,
                  | rN++} (You bought it in a shop on level 5 of the Dungeon)
  7655 | D:6      | Reached skill level 10 in Fighting
  7869 | D:7      | Found a hazy altar of Hepliaklqana.
  8161 | D:8      | Found a blossoming altar of Fedhas.
  8169 | D:8      | Found Minaar's Vocational Training.
  8614 | D:7      | Identified 2 scrolls of acquirement
  8623 | D:7      | Acquired 1074 gold pieces
  8641 | D:7      | Acquired 683 gold pieces
  8829 | D:8      | Found a staircase to the Lair.
  9193 | D:8      | Found a shadowy altar of Dithmenos.
  9198 | D:8      | Reached ** piety under Okawaru
  9407 | D:4      | Killed Azazsd's ghost
  9412 | D:4      | Killed mangeymoose's ghost
  9430 | D:4      | Killed JumbleTraveling's ghost
  9431 | D:4      | Reached skill level 11 in Fighting
 10024 | D:9      | Found a flagged portal.
 10035 | Bailey   | Entered a bailey
 10044 | Bailey   | Noticed an orc warlord
 10044 | Bailey   | Found the +13 scythe of Curses {drain, curses, Drain}
 10506 | Bailey   | Noticed an orc knight
 10528 | Bailey   | Killed an orc knight
 10626 | Bailey   | Found a runed translucent gate.
 10627 | Bailey   | Found a runed translucent gate.
 10765 | Bailey   | Found a runed translucent gate.
 10804 | Bailey   | Gained mutation: You possess an exceptional clarity of
                  | mind. [potion of mutation]
 10804 | Bailey   | Gained mutation: You are agile. (Dex +4, Str/Int -1)
                  | [potion of mutation]
 11471 | Bailey   | Killed an orc warlord
 11472 | Bailey   | Reached XP level 11. HP: 76/76 MP: 8/11
 11533 | D:9      | Reached *** piety under Okawaru
 11626 | D:8      | Reached skill level 13 in Fighting
 11626 | D:8      | Reached skill level 10 in Maces & Flails
 11626 | D:8      | Reached XP level 12. HP: 84/84 MP: 12/12
 12341 | D:9      | Found a staircase to the Orcish Mines.
 12652 | D:9      | Received a gift from Okawaru
 13039 | D:10     | Entered Level 10 of the Dungeon
 13105 | D:10     | Noticed Grum
 13123 | D:10     | Killed Grum
 13331 | D:10     | Reached skill level 14 in Fighting
 13680 | D:10     | Reached skill level 10 in Armour
 13682 | D:10     | Reached **** piety under Okawaru
 13814 | D:10     | Noticed a two-headed ogre
 13891 | D:10     | Killed a two-headed ogre
 13941 | D:10     | Noticed Psyche
 13952 | D:10     | Killed Psyche
 14027 | D:11     | Noticed a boulder beetle
 14028 | D:11     | Noticed a two-headed ogre
 14170 | D:10     | Received a gift from Okawaru
 14337 | D:10     | Killed a two-headed ogre
 14449 | D:10     | Killed a boulder beetle
 14508 | D:10     | Received a gift from Okawaru
 14738 | D:10     | Reached XP level 13. HP: 89/91 MP: 13/13
 15526 | D:11     | Reached skill level 15 in Fighting
 15609 | D:11     | Received a gift from Okawaru
 15832 | D:11     | Found a shimmering altar of Xom.
 16214 | D:6      | Bought 5 curare-tipped darts for 66 gold pieces
 16303 | Orc:1    | Entered Level 1 of the Orcish Mines
 16315 | Orc:1    | Noticed Snorg
 16347 | Orc:1    | Killed Snorg
 16621 | Orc:1    | Paralysed by an orc sorcerer for 3 turns
 16865 | Lair:1   | Entered Level 1 of the Lair of Beasts
 17020 | Lair:1   | Noticed Nergalle
 17043 | Lair:1   | Killed Nergalle
 18484 | Lair:1   | Reached ***** piety under Okawaru
 19152 | Lair:2   | Found the +8 trident of the Octopus King {venom, rElec
                  | rPois}
 19170 | Lair:2   | Found the +15 Maxwell's patent armour {-Cast -Tele rElec
                  | Will+ rCorr}
 20243 | Lair:2   | Reached skill level 16 in Fighting
 20356 | Lair:2   | Identified the staff of cold "Ekhlovame" {rF+ rC+}
 20446 | Lair:2   | Received a gift from Okawaru
 20447 | Lair:2   | Gained mutation: Your large and strong wings let you fly.
                  | [Gargoyle growth]
 20447 | Lair:2   | Reached XP level 14. HP: 100/100 MP: 14/14
 20690 | Lair:2   | Noticed Fannar
 20890 | Lair:1   | Killed Fannar
 21397 | Lair:2   | Noticed Prince Ribbit
 21417 | Lair:2   | Killed Prince Ribbit
 21995 | Lair:3   | You are sucked into a shaft and drop 2 floors!
 21995 | Lair:5   | Entered Level 5 of the Lair of Beasts
 22100 | Lair:4   | Identified the +2 crystal plate armour of the Goldsmith
                  | {*Slow rF+ rCorr} (Okawaru gifted it to you on level 4 of
                  | the Lair of Beasts)
 22100 | Lair:4   | Received a gift from Okawaru
 22161 | Lair:4   | Found a viscous altar of Jiyva.
 22164 | Lair:4   | Found a staircase to the Slime Pits.
 22177 | Lair:4   | Noticed Rupert
 22202 | Lair:4   | HP: 5/100 [Rupert/+1 great mace of pain (7)]
 22203 | Lair:4   | Slain by Rupert

Illustrated notes

Levels and vault maps discovered:
D:1:      denvon_arrival_planthouse, layout_rooms
D:2:      layout_rooms, kennysheep_generic_room_9, uniq_crazy_yiuf_cottage,
          uniq_sigmund
D:3:      cheibrodos_pilgrimage, layout_basic, zin_angel, st_stairs_14
D:4:      layout_basic, chequers_temple_overflow_statue_of_worship,
          gammafunk_ghost_cemetery
D:5:      layout_rooms, overflow_temple_1_default, minmay_misc_feat_rows,
          kennysheep_diamond, lemuel_flamethrower_1
D:6:      layout_basic, nemelex_dance_club_becter, serial_shops,
          nicolae_shop_window_shopping, uniq_edmund
D:7:      layout_basic, makhleb_blood_cavern_becter,
          nicolae_hepliaklqana_hippocampus, minmay_temple_entry_grid,
          uniq_maggie
D:8:      layout_basic, lemuel_crystal_altar, grunt_dithmenos_shadows,
          grunt_lair_entry_orc_guard_hut, nicolae_shop_vocational
D:9:      layout_irregular_city, kennysheep_orc_monster_closet_entryway,
          enter_bailey_2
D:10:     layout_loops_cross, uniq_grum, uniq_psyche
D:11:     layout_irregular_city, xom_confusion_cloud
Temple:   nicolae_temple_figure_eight
Lair:1:   layout_layer_cave, kennysheep_rathole, grunt_megastairs_5,
          uniq_nergalle
Lair:2:   nzn_winding_woodlands_cross [nzn_winding_woodlands_5x15_jagged,
          nzn_winding_woodlands_5x15_crooked, nzn_winding_woodlands_5x15_parted,
          nzn_winding_woodlands_5x15_river_crossing,
          nzn_winding_woodlands_15x15_boxy_spiral], layout_cave_pods,
          serial_bayou_lagoon_a, dreamdust_deal_with_the_devil,
          beast_lair_carwin_5, serial_bayou_shore_b, uniq_fannar,
          uniq_prince_ribbit2
Lair:3:   layout_loops_ring, minmay_swamp_entry_reptiles,
          spider_nest_entry_funnel_web, dreamdust_mushroom_princess,
          uniq_amaemon
Lair:4:   layout_loops_ring, slime_entry_1, uniq_rupert, uniq_nessos
Lair:5:   evilmike_catoblepas_cave, layout_cave_shapes,
          nicolae_volcano_entry_lava_flow, lookout_lair_type, st_stairs_3,
          small_statue_intersection
Orc:1:    dreamdust_wu_jian_sword_trials, layout_caves, uniq_snorg

Skill      XL: |  1  2  3  4  5  6  7  8  9 10 11 12 13 14 |
---------------+-------------------------------------------+-----
Throwing       | 2 3 4 5 7 8 9 |  9.5
Armour         | 1 2 3 4 5 6 8 9 10 11 | 11.8
Fighting       | 3 4 5 6 8 9 11 13 14 16 | 16.5
Maces & Flails | 4 5 6 8 10 12 | 12.6
Dodging        | 3 4 |  4.3

Action                     |  1- 3 |  4- 6 |  7- 9 | 10-12 | 13-15 || total
---------------------------+-------+-------+-------+-------+-------++-------
  Melee: Flail             |   124 |   153 |   248 |   716 |   754 ||  1995
         Punch             |     1 |     3 |     5 |    14 |    16 ||    39
         Whip              |       |       |   189 |       |       ||   189
  Throw: Boomerang         |       |    15 |    16 |    29 |    75 ||   135
         Throwing net      |       |     1 |     3 |     2 |       ||     6
         Dart              |       |       |       |     3 |       ||     3
 Invoke: Heroism           |       |       |       |    12 |     7 ||    19
         Finesse           |       |       |       |       |     2 ||     2
  Evoke: Wand              |       |       |       |       |     1 ||     1
    Use: Scroll            |       |       |       |    26 |     5 ||    31
         Potion            |       |       |       |     7 |     5 ||    12
   Stab: Held in net/web   |       |     1 |     6 |     3 |       ||    10
 Armour: Ring mail         |    69 |   105 |   150 |       |       ||   324
         Leather armour    |       |       |   108 |   383 |   460 ||   951
  Dodge: Dodged            |   109 |   113 |   268 |   441 |   526 ||  1457
